 Dungeon Crawl Stone Soup version 0.31-a0-236-g9a0961fb85 (webtiles) character file.

Game seed: 3019276846366141975

196 qw the Shooter (level 5, 0/45 HPs)
             Began as a Minotaur Hexslinger on July 10, 2023.
             Slain by Robin
             ... wielding a +0 spear
              (4 damage)
             ... on level 4 of the Dungeon.
             The game lasted 00:01:04 (3034 turns).

qw the Shooter (Minotaur Hexslinger)                Turns: 3034, Time: 00:01:05

Health: 0/45       AC:  6    Str: 13    XL:     5   Next: 45%
Magic:  5/5        EV: 11    Int: 10    God:
Gold:   120        SH:  0    Dex: 14    Spells: 5/6 levels left

rFire   . . .        Y - +1 sling
rCold   + . .        (no shield)
rNeg    . . .        g - +0 ring mail
rPois   .            (helmet restricted)
rElec   .            i - +0 cloak
rCorr   .            (no gloves)
SInv    .            (no boots)
Will    .....        (no amulet)
Stlth   +            l - ring of protection from cold
HPRegen 0.27/turn    (no ring)
MPRegen 0.09/turn

%: no passive effects
@: no status effects
A: horns 2, retaliatory headbutt
a: no special abilities


You were on level 4 of the Dungeon.
You visited 2 branches of the dungeon, and saw 5 of its levels.

You collected 176 gold pieces.
You spent 56 gold pieces at shops.


Innate Abilities, Weirdness & Mutations

You have a pair of horns on your head.
You reflexively headbutt those who attack you in melee.


   Skills:
 - Level 3.0 Fighting
 + Level 5.5 Ranged Weapons
 - Level 1.5 Armour
 - Level 2.1 Dodging
 - Level 1.0 Spellcasting
 - Level 2.0 Hexes


You had 5 spell levels left.
You knew the following spells:

 Your Spells              Type           Power      Damage    Failure   Level
a - Slow                  Hex            16%        N/A       32%         1

Your spell library contained the following spells:

 Spells                   Type           Power      Damage    Failure   Level
 Inner Flame              Hex/Fire       2%         N/A       82%         3
 Portal Projectile        Hex/Tloc       4%         N/A       82%         3
 Cause Fear               Hex            2%         N/A       97%         4

Inventory:

Hand Weapons
 Y - a +1 sling (weapon)
Armour
 g - a +0 ring mail (worn)
 i - a +0 cloak (worn)
Jewellery
 l - a ring of protection from cold (left hand)
Scrolls
 d - a scroll of identify
Potions
 a - a potion of brilliance {unknown}
 b - a potion of resistance
 c - a potion of mutation
 e - a potion of heal wounds {unknown}
 f - a potion of haste {unknown}
 k - a potion of lignification {unknown}

Dungeon Overview and Level Annotations

Branches:
Dungeon (4/15)             Temple (1/1) D:4

Altars:
Ashenzari
Cheibriados
Dithmenos
Elyvilon
Fedhas
Hepliaklqana
Kikubaaqudgha
Makhleb
Qazlal
Sif Muna
Yredelemnul
Zin
The Shining One

Shops:
D:2 ?

Annotations:
D:4 Robin


Message History

The hobgoblin is severely wounded.
Robin hits you but does no damage.
A hobgoblin comes into view.
You shoot a sling bullet. The sling bullet hits the hobgoblin.
You kill the hobgoblin!
Robin hits you from afar with a +0 spear.
You shoot a sling bullet. The sling bullet hits Robin.
Robin is lightly wounded.
Robin throws the goblin at you! The goblin closely misses you.
You furiously retaliate!
You headbutt the goblin!
You kill the goblin!
Robin roars a battlecry!
The goblin goes into a battle-frenzy!
You shoot a sling bullet. The sling bullet hits Robin.
Robin is moderately wounded.
Robin misses you.
You shoot a sling bullet. The sling bullet hits Robin.
Robin is heavily wounded.
Robin throws the goblin at you! The goblin hits you with a +0 dagger.
You shoot a sling bullet.
The sling bullet barely misses the goblin.
Robin hits you from afar with a +0 spear.
The goblin hits you with a +0 dagger.
You shoot a sling bullet.
The sling bullet closely misses the goblin.
Robin barely misses you.
The goblin hits you with a +0 dagger. x2
Robin closely misses you.
You shoot a sling bullet. The sling bullet hits the goblin.
You kill the goblin!
Robin closely misses you.
You shoot a sling bullet. The sling bullet hits Robin!
Robin is almost dead.
Robin roars a battlecry!
The hobgoblin goes into a battle-frenzy!
You shoot a sling bullet. The sling bullet closely misses Robin.
Robin says, "Bow before me, strongest of all the hobgoblins!"
Robin barely misses you.
You shoot a sling bullet. The sling bullet barely misses Robin.
Robin hits you from afar with a +0 spear.
You die...

... .##.
###.............#
##
#............###
..............#
....#........##
....###.......##
.#####.........#
..#.#...........#
......)))#......##
#.....)@.....#...#
##....)##...##...#
#...g##.##...#.##
.....g........###
.............##
##..##........#
#.).........## ..
..##.....# .
#######


You could see Robin and a hobgoblin (strong).

Vanquished Creatures
  2 iguanas
  6 adders
  A gnoll (D:1)
  2 worms
  A dart slug (D:4)
  2 endoplasms
  2 giant cockroaches
  16 goblins
  10 hobgoblins
  5 kobolds
  3 quokkas
  8 ball pythons
  6 bats
  2 frilled lizards
  5 rats
71 creatures vanquished.

Notes
Turn   | Place    | Note
-------+----------+-------------------------------------------
     0 | D:1      | qw the Minotaur Hexslinger began the quest for the Orb.
     0 | D:1      | Reached XP level 1. HP: 16/16 MP: 1/1
     0 | D:1      | 0 ||| qw: Version: 0.3-a-52-g30416fa
     0 | D:1      | 0 ||| qw: Game counter: 4521
     0 | D:1      | 0 ||| qw: Melee chars always use a shield: true
     0 | D:1      | 0 ||| qw: God list: Okawaru
     0 | D:1      | 0 ||| qw: Allow faded altars: false
     0 | D:1      | 0 ||| qw: Do Orc after clearing Dungeon:15 true
     0 | D:1      | 0 ||| qw: Do second Lair branch before Depths: true
     0 | D:1      | 0 ||| qw: Lair rune preference: random
     0 | D:1      | 0 ||| qw: Goals: Normal
     0 | D:1      | 0 ||| PLANNING D:1-11
    28 | D:1      | Reached skill level 3 in Ranged Weapons
    28 | D:1      | Reached XP level 2. HP: 10/23 MP: 2/2
    30 | D:1      | 30 ||| FLEEEEING.
    31 | D:1      | 31 ||| FLEEEEING.
    32 | D:1      | 32 ||| FLEEEEING.
    33 | D:1      | 33 ||| FLEEEEING.
    34 | D:1      | 34 ||| FLEEEEING.
    35 | D:1      | 35 ||| FLEEEEING.
    36 | D:1      | 36 ||| FLEEEEING.
    37 | D:1      | 37 ||| FLEEEEING.
    38 | D:1      | 38 ||| FLEEEEING.
    39 | D:1      | 39 ||| FLEEEEING.
    40 | D:1      | 40 ||| FLEEEEING.
   414 | D:1      | Reached XP level 3. HP: 29/29 MP: 3/3
   750 | D:1      | 750 ||| UPGRADING to +0 ring mail.
   760 | D:1      | 760 ||| DROPPING +0 robe.
   761 | D:1      | 761 ||| UPGRADING to +0 cloak.
   766 | D:1      | 766 ||| UPGRADING to ring of protection from cold.
   767 | D:1      | 767 ||| READING scroll labelled CECIECZAIPN.
   768 | D:1      | 768 ||| READING scroll labelled SOGHOPECIE.
   769 | D:1      | 769 ||| READING scroll labelled MYPPOKUILI.
   770 | D:1      | 770 ||| READING 2 scrolls labelled AGECE IDDOL.
   771 | D:1      | 771 ||| DROPPING scroll of poison.
   772 | D:1      | 772 ||| DROPPING scroll of amnesia.
   848 | D:2      | Reached skill level 4 in Ranged Weapons
  1030 | D:2      | Reached skill level 1 in Armour
  1104 | D:2      | Reached XP level 4. HP: 27/36 MP: 4/4
  1415 | D:2      | Found Icsaschixt's Magic Scroll Shop.
  1423 | D:2      | 1423 ||| BUYING scroll of identify (28 gold).
  1423 | D:2      | Bought a scroll of identify for 28 gold pieces
  1423 | D:2      | 1423 ||| BUYING scroll of identify (28 gold).
  1423 | D:2      | Bought a scroll of identify for 28 gold pieces
  1423 | D:2      | 1423 ||| SHOPLISTING scroll of identify (28 gold, have 4).
  1656 | D:2      | 1656 ||| READING scroll labelled ISOHURCHUPN.
  1657 | D:2      | 1657 ||| READING scroll labelled WUOBBE IREO.
  1661 | D:2      | 1661 ||| READING 2 scrolls of identify.
  1661 | D:2      | 1661 ||| IDENTIFYING sedimented silvery potion
  1715 | D:3      | Found a basalt altar of Yredelemnul.
  1727 | D:3      | HP: 7/36 [iguana (4)]
  1731 | D:3      | Reached skill level 5 in Ranged Weapons
  1849 | D:3      | Found a blossoming altar of Fedhas.
  1852 | D:3      | Found a shadowy altar of Dithmenos.
  1857 | D:3      | Found a broken altar of Ashenzari.
  2209 | D:3      | Reached XP level 5. HP: 37/42 MP: 5/5
  2665 | D:3      | Reached skill level 3 in Fighting
  2735 | D:3      | 2735 ||| DRINKING 2 blue potions.
  2773 | D:4      | Found a staircase to the Ecumenical Temple.
  2774 | D:4      | 2774 ||| PLANNING TEMPLE
  2786 | Temple   | Entered the Ecumenical Temple
  2875 | Temple   | 2875 ||| PLANNING D:1-11
  3014 | D:4      | Noticed Robin
  3029 | D:4      | HP: 8/45 [goblin/+0 dagger[Robin] (5)]
  3030 | D:4      | HP: 3/45 [goblin/+0 dagger[Robin] (5)]
  3034 | D:4      | Slain by Robin

Levels and vault maps discovered:
D:1:      minmay_arrival_arboretum_small, layout_loops_ring
D:2:      layout_basic, serial_shops, shop, roderic_lattice_a,
          dreamdust_mushroom_princess
D:3:      layout_basic, nicolae_overflow_macrodata_refinement
D:4:      layout_cave_pools, minmay_overflow_temple_star_quad,
          minmay_temple_entry_statues_fountains, uniq_robin
Temple:   kb_temple_of_zot

Skill      XL: |  1  2  3  4  5 |
---------------+----------------+-----
Ranged Weapons | 3 4 5 |  5.5
Fighting       | 2 3 |  3.0
Armour         | 1 |  1.5
Dodging        | |  2.1
Spellcasting   | |  1.0
Hexes          | |  2.0

Action                     |  1- 3 |  4- 6 || total
---------------------------+-------+-------++-------
   Fire: Sling             |    99 |   138 ||   237
    Use: Scroll            |     4 |     3 ||     7
         Potion            |       |     1 ||     1
 Armour: Robe              |     4 |       ||     4
         Ring mail         |    15 |    28 ||    43
  Dodge: Dodged            |    33 |    48 ||    81

Table legend:
 A = Non-vault XP
 B = Vault XP
 C = Vault XP percentage of total XP
 D = Non-vault monster count
 E = Vault monster count
 F = Vault count percentage of total count
                 A         B        C        D         E       F
            +---------+---------+-------+---------+---------+-------
      Total |     263 |      17 |   6.1 |      62 |       9 |  12.7
            +---------+---------+-------+---------+---------+-------
        D:1 |      49 |       0 |   0.0 |      22 |       0 |   0.0
        D:2 |      82 |       0 |   0.0 |      19 |       0 |   0.0
        D:3 |      87 |       0 |   0.0 |      16 |       0 |   0.0
        D:4 |      45 |      17 |  27.4 |       5 |       9 |  64.3
            +---------+---------+-------+---------+---------+-------
